 Dungeon Crawl Stone Soup version 0.24-a0-81-gd227540562 (webtiles) character file.

Game seed: 11242314979728094305

8325 LLavrengius the Thaumaturge (level 11, -2/78 HPs)
             Began as an Octopode Transmuter on Feb 7, 2019.
             Was an Initiate of Gozag.
             Slain by Snorg (19 damage)
             ... on level 11 of the Dungeon.
             The game lasted 00:47:17 (14231 turns).

LLavrengius the Thaumaturge (Octopode Transmuter)  Turns: 14231, Time: 00:47:17

Health: -2/78      AC:  2    Str: 11    XL:     11   Next: 29%
Magic:  27/32      EV: 23    Int: 18    God:    Gozag
Gold:   1339       SH:  0    Dex: 17    Spells: 17/27 levels left

rFire    . . .     SeeInvis .     - Unarmed
rCold    + . .     Gourm    .   (shield currently unavailable)
rNeg     . . .     Faith    .   (helmet currently unavailable)
rPois    x         Spirit   .   (no amulet)
rElec    .         Reflect  .   o - ring of magical power
rCorr    .         Harm     .   p - ring of stealth
MR       .....                  d - ring of protection from cold
Stlth    +++.......             (no ring)
HPRegen  0.23/turn              (no ring)
MPRegen  0.23/turn              (no ring)
                                (no ring)
                                (no ring)

@: spider-form
A: tiny, almost no armour, stealthy swim, (amphibious), 8 rings, (constrict 8)
a: End Transformation, Potion Petition, Call Merchant, Bribe Branch, Renounce
Religion


You were on level 11 of the Dungeon.
You worshipped Gozag.
Gozag was most pleased with you.
You were not hungry.
You were a venomous arachnid creature.
You visited 2 branches of the dungeon, and saw 12 of its levels.

You collected 1771 gold pieces.
You spent 403 gold pieces at shops.
You paid 29 gold pieces to Gozag.

Inventory:

Hand Weapons
 b - a +0 spear
Missiles
 a - 348 arrows
 l - 150 stones
 t - 4 javelins (quivered)
Armour
 F - a +0 hat
Jewellery
 d - a ring of protection from cold (on tentacle)
 o - a ring of magical power (left front leg)
 p - a ring of stealth (right front leg)
Wands
 x - a wand of iceblast (10)
 E - a wand of polymorph (7)
Scrolls
 i - 2 scrolls of remove curse {unknown}
 j - 2 scrolls of fear {unknown}
 m - 2 scrolls of identify
 n - a scroll of magic mapping {unknown}
 r - 4 scrolls of enchant weapon {unknown}
 v - 7 scrolls of teleportation
 y - a scroll of fog {unknown}
 A - a scroll of immolation
 C - 3 scrolls of enchant armour {unknown}
 D - 5 scrolls of blinking {unknown}
Potions
 e - 3 potions of might
 f - 3 potions of curing
 g - 5 potions of lignification
 h - a potion of cancellation
 k - 2 potions of ambrosia
 q - 4 potions of brilliance
 s - a potion of agility {unknown}
 u - 5 potions of haste
 w - a potion of mutation {unknown}
 z - a potion of flight {unknown}
 B - a potion of heal wounds
Comestibles
 c - 8 rations


   Skills:
 + Level 8.8 Fighting
 - Level 5.0 Dodging
 + Level 8.8 Unarmed Combat
 + Level 8.9 Spellcasting
 - Level 7.0 Transmutations
 + Level 0.0 Ice Magic


You had 17 spell levels left.
You knew the following spells:

 Your Spells              Type           Power        Failure   Level  Hunger
a - Beastly Appendage     Tmut           ####..       3%          1    None
b - Sticks to Snakes      Tmut           ####....     4%          2    None
c - Spider Form           Tmut/Pois      ###.......   17%         3    None
d - Ice Form              Ice/Tmut       ###.....     43%         4    ###....

Your spell library contained the following spells:

 Spells                   Type           Power        Failure   Level  Hunger
 Blade Hands              Tmut           ####......   32%         5    #####..


Dungeon Overview and Level Annotations

Branches:
Dungeon (11/15)            Temple (1/1) D:4             Orc (0/2) D:10
   Lair: D:8-11

Altars:
Cheibriados
Dithmenos
Elyvilon
Gozag
Makhleb
Nemelex Xobeh
Okawaru
Ru
Trog
Uskayaw
Vehumet
Yredelemnul
Zin
The Shining One

Shops:
D:6 !   D:9 ?

Annotations:
D:11 1 runed translucent door, Snorg; brucemayne's ghost, journeyman HOBe


Innate Abilities, Weirdness & Mutations

You cannot wear most types of armour.
You are very stealthy in the water. (Stealth+)
((You are amphibious.))
You can wear up to eight rings at the same time.
((You can use your tentacles to constrict eight enemies at once.))
((Your skin changes colour to match your surroundings (Stealth+).))
((Your rubbery body absorbs attacks. (AC +1, EV +1)))


Message History

* * * LOW HITPOINT WARNING * * *
Snorg bites your ball python!
Your ball python dies!
Snorg goes berserk!
Casting: Sticks to Snakes (safe; 4% risk of failure)
Confirm with . or Enter, or press ? or * to list all spells.
You create 2 snakes!
You now have 350 arrows.
Snorg misses your adder. Snorg claws your adder!
Your adder dies!
Casting: Sticks to Snakes (safe; 4% risk of failure)
Confirm with . or Enter, or press ? or * to list all spells.
You create 2 snakes!
You now have 348 arrows.
Your ball python bites Snorg.
Snorg closely misses your ball python.
Snorg completely misses your ball python.
Snorg claws your ball python.
Your ball python dies!
Snorg rages.
Snorg completely misses you. x2; Snorg claws you!!
You die...
Your body crumbles into a pile of gold.

###............##### #..
#....)....#......# ##.
#.........#......#########
#.
#.........#..............#
#.
###..#####..#..............#
.#. .....#
###...............# #...
.....#§§§# #.##.##.........#
#... .....#W§§#
#.#...#.##.##...# ###.
.....##+## #....sT.#...#...#
##
.........###.#....SS......<#
#
...........#.##..##....#...#
#
##########......#..#..##.#.#
# #..##..#..#.....#.# #
##.#....##..##....# #
#...........#.##.### #
#.#...#........#...# #
#.##.##.#...#.####.####


You could see Snorg (berserk), a friendly adder and a friendly ball python.

Vanquished Creatures
  2 two-headed ogres
  A gargoyle (D:10)
  2 trolls
  A hippogriff (D:7)
  Sigmund (D:2)
  4 yaks (D:9)
  A spriggan (D:8)
  A soldier ant (D:10)
  5 ice beasts
  6 sky beasts
  2 black bears
  2 orc warriors
  3 ogres
  7 centaurs
  A big kobold (D:8)
  4 bullfrogs
  6 scorpions
  9 killer bees (D:11)
  4 wights (D:8)
  A centaur zombie (D:11)
  6 crimson imps
  2 quasits
  A bullfrog zombie (D:11)
  3 hounds
  A jelly (D:7)
  2 bullfrog skeletons
  2 centaur skeletons (D:10)
  3 orc priests
  Crazy Yiuf (D:3)
  Ijyb (D:4)
  2 iguanas
  9 orc wizards
  A hell rat (D:10)
  7 worker ants
  A hound zombie (D:8)
  A hound skeleton (D:5)
  2 worker ant zombies
  10 adders
  2 oozes
  2 adder skeletons
  An adder zombie (D:6)
  A worm (D:4)
  3 dart slugs
  3 leopard geckos
  35 orcs
  8 giant cockroaches
  7 goblins
  8 hobgoblins
  13 jackals
  6 kobolds
  13 quokkas
  2 ball pythons (D:3)
  8 bats
  3 frilled lizards (D:1)
  A goblin skeleton (D:4)
  A goblin zombie (D:4)
  A kobold skeleton (D:4)
  A kobold zombie (D:4)
  An orc zombie (D:4)
  A quokka skeleton (D:9)
  8 rats
247 creatures vanquished.

Vanquished Creatures (collateral kills)
  A yak (D:9)
1 creature vanquished.

Vanquished Creatures (others)
  An orc wizard (D:10)
1 creature vanquished.

Grand Total: 249 creatures vanquished

Notes
Turn   | Place    | Note
-------+----------+-------------------------------------------
     0 | D:1      | LLavrengius the Octopode Transmuter began the quest for the
                  | Orb.
     0 | D:1      | Reached XP level 1. HP: 13/13 MP: 3/3
   222 | D:1      | Reached XP level 2. HP: 17/18 MP: 3/5
   419 | D:1      | Learned a level 2 spell: Sticks to Snakes
   496 | D:1      | Reached XP level 3. HP: 5/23 MP: 6/6
  1165 | D:2      | Learned a level 3 spell: Spider Form
  1225 | D:2      | Noticed Sigmund
  1310 | D:2      | Killed Sigmund
  1310 | D:2      | Reached XP level 4. HP: 16/28 MP: 2/9
  1310 | D:2      | Reached XP level 5. HP: 19/33 MP: 2/10
  2015 | D:2      | Reached skill level 5 in Transmutations
  2294 | D:3      | Found a snail-covered altar of Cheibriados.
  2361 | D:3      | Reached XP level 6. HP: 32/38 MP: 11/11
  2696 | D:3      | Found a runed translucent door.
  2698 | D:3      | Noticed Crazy Yiuf
  2712 | D:3      | Killed Crazy Yiuf
  3569 | D:4      | Reached XP level 7. HP: 39/45 MP: 13/13
  3760 | D:4      | Noticed Ijyb
  3774 | D:4      | Killed Ijyb
  3935 | D:4      | Found a staircase to the Ecumenical Temple.
  3953 | Temple   | Entered the Ecumenical Temple
  4021 | Temple   | Became a worshipper of Gozag Ym Sagoz the Greedy
  4309 | D:4      | Found a glowing golden altar of the Shining One.
  4688 | D:5      | Entered Level 5 of the Dungeon
  4698 | D:5      | Reached skill level 5 in Spellcasting
  4938 | D:5      | Found a sacrificial altar of Ru.
  5015 | D:5      | Reached XP level 8. HP: 26/54 MP: 15/15
  5524 | D:5      | Noticed a troll
  5652 | D:6      | HP: 1/54 [acid (9)]
  6774 | D:6      | Found Bijoicw's Distillery.
  6777 | D:6      | Bought a potion of haste for 130 gold pieces
  6777 | D:6      | Bought a potion of berserk rage for 65 gold pieces
  6777 | D:6      | Bought a potion of ambrosia for 104 gold pieces
  6777 | D:6      | Bought a potion of heal wounds for 65 gold pieces
  6987 | D:7      | Reached skill level 5 in Fighting
  6987 | D:7      | Reached skill level 5 in Unarmed Combat
  7223 | D:7      | Noticed a hippogriff
  7273 | D:7      | Killed a hippogriff
  7678 | D:7      | Reached XP level 9. HP: 39/61 MP: 18/18
  8920 | D:8      | Found a sparkling altar of Nemelex Xobeh.
  9536 | D:8      | Reached skill level 5 in Dodging
 10367 | D:9      | Reached XP level 10. HP: 65/69 MP: 20/20
 10510 | D:9      | Found Caifayr's Magic Scroll Shop.
 10999 | D:9      | Noticed a two-headed ogre
 11038 | D:9      | Killed a two-headed ogre
 11231 | D:9      | Bought a scroll of teleportation for 39 gold pieces
 11761 | D:9      | Found a burning altar of Makhleb.
 11818 | D:10     | Entered Level 10 of the Dungeon
 11835 | D:10     | Noticed a gargoyle
 11844 | D:10     | Learned a level 4 spell: Ice Form
 11857 | D:10     | Killed a gargoyle
 11896 | D:10     | Noticed a death yak
 12327 | D:10     | Found a staircase to the Orcish Mines.
 12445 | D:10     | Reached XP level 11. HP: 52/77 MP: 23/23
 12666 | D:10     | Noticed a death yak
 12816 | D:10     | Noticed a two-headed ogre
 12831 | D:10     | Killed a two-headed ogre
 13285 | D:11     | Found a runed translucent door.
 13285 | D:11     | Noticed brucemayne's ghost (journeyman HOBe)
 14209 | D:11     | Noticed Snorg
 14231 | D:11     | Slain by Snorg

Levels and vault maps discovered:

Skill      XL: |  1  2  3  4  5  6  7  8  9 10 |
---------------+-------------------------------+-----
Transmutations | 3 4 5 7 |  7.0
Spellcasting   | 3 4 5 6 7 8 |  8.9
Fighting       | 2 4 5 6 8 |  8.8
Unarmed Combat | 4 5 6 8 |  8.8
Dodging        | 3 5 |  5.0

Action                   |  1- 3 |  4- 6 |  7- 9 | 10-12 || total
-------------------------+-------+-------+-------+-------++-------
Melee: Unarmed           |    55 |    96 |   390 |   265 ||   806
       Constrict         |    15 |    20 |    54 |    22 ||   111
       Tentacles         |    10 |     9 |    43 |    15 ||    77
       Kick              |     2 |     2 |     6 |     5 ||    15
       Punch             |       |     2 |     8 |     4 ||    14
Throw: Javelin           |       |       |       |     1 ||     1
 Cast: Beastly Appendage |     2 |     1 |     5 |     5 ||    13
       Spider Form       |     1 |     4 |    28 |    14 ||    47
       Sticks to Snakes  |       |       |       |     8 ||     8
       Ice Form          |       |       |       |     2 ||     2
Evoke: Wand              |       |       |       |     5 ||     5
  Use: Scroll            |       |       |     3 |     2 ||     5
       Potion            |       |       |     2 |       ||     2
 Stab: Sleeping          |     3 |     8 |    17 |     8 ||    36
       Distracted        |       |       |       |     2 ||     2
  Eat: Chunk             |     1 |     8 |     2 |       ||    11
       Ration            |       |       |     6 |     4 ||    10
Armor: Skin              |     9 |     7 |    15 |    18 ||    49
Dodge: Dodged            |    29 |    75 |   314 |   185 ||   603

Table legend:
 A = Non-vault XP
 B = Vault XP
 C = Vault XP percentage of total XP
 D = Non-vault monster count
 E = Vault monster count
 F = Vault count percentage of total count
                 A         B        C        D         E       F
            +---------+---------+-------+---------+---------+-------
      Total |   11271 |     622 |   5.2 |     236 |      13 |   5.2
            +---------+---------+-------+---------+---------+-------
        D:1 |      42 |       0 |   0.0 |      21 |       0 |   0.0
        D:2 |      23 |     238 |  91.2 |       6 |       1 |  14.3
        D:3 |      62 |      39 |  38.6 |      29 |       1 |   3.3
        D:4 |     543 |      93 |  14.6 |      20 |       7 |  25.9
        D:5 |     356 |       0 |   0.0 |       9 |       0 |   0.0
        D:6 |     472 |       0 |   0.0 |      14 |       0 |   0.0
        D:7 |    1080 |       0 |   0.0 |      28 |       0 |   0.0
        D:8 |    1371 |     215 |  13.6 |      29 |       1 |   3.3
        D:9 |    2798 |       0 |   0.0 |      25 |       0 |   0.0
       D:10 |    3084 |      37 |   1.2 |      28 |       3 |   9.7
       D:11 |    1440 |       0 |   0.0 |      27 |       0 |   0.0
            +---------+---------+-------+---------+---------+-------
